 Dungeon Crawl Stone Soup version 0.30-a0-634-g8abc85282e (webtiles) character file.

Game seed: 14864111072081454444

23 timneilson the Slasher (level 2, -5/23 HPs)
             Began as a Demonspawn Gladiator on Jan 15, 2023.
             Slain by a gnoll
             ... wielding a +0 halberd
              (8 damage)
             ... on level 2 of the Dungeon.
             The game lasted 00:01:34 (966 turns).

timneilson the Slasher (Demonspawn Gladiator)        Turns: 966, Time: 00:01:35

Health: -5/23      AC:  9    Str: 14    XL:     2   Next: 75%
Magic:  2/2        EV:  6    Int:  9    God:
Gold:   100        SH:  0    Dex: 14    Spells: 1/1 levels left

rFire   . . .      SeeInvis .    a - +1 long sword
rCold   . . .      Faith    .    (no shield)
rNeg    . . .      Spirit   .    l - +0 chain mail
rPois   .          Reflect  .    c - +0 helmet
rElec   .          Harm     .    (no cloak)
rCorr   .          Rampage  .    (no gloves)
Will    .....                    (no boots) Stlth
                                 (no amulet)
HPRegen 0.23/turn                (no ring)
MPRegen 0.08/turn                (no ring)

@: no status effects
A: weakness stinger 1
a: no special abilities


You were on level 2 of the Dungeon.
You visited 1 branch of the dungeon, and saw 2 of its levels.

You collected 100 gold pieces.

Inventory:

Hand Weapons
 a - a +1 long sword (weapon)
Missiles
 d - 3 throwing nets (quivered)
 e - a javelin
Armour
 c - a +0 helmet (worn)
 l - a +0 chain mail (worn)
Scrolls
 k - a scroll of enchant weapon
Potions
 f - a potion of might {unknown}
 h - a potion of flight {unknown}
 i - a potion of curing {unknown}
 j - a potion of mutation {unknown}
 m - 2 potions of brilliance {unknown}


   Skills:
 + Level 2.3 Fighting
 * Level 3.0 Long Blades
 - Level 1.7 Throwing
 * Level 1.0 Armour
 + Level 2.8 Dodging


You had one spell level left.
You didn't know any spells.
Your spell library was empty.

Dungeon Overview and Level Annotations

Branches:
Dungeon (2/15)

Altars:


Innate Abilities, Weirdness & Mutations

You have a small tail.


Message History

The gnoll shouts!
The ball python hisses angrily.
You hear a shout! x4
Found a stone staircase leading up.
A gnoll comes into view. It is wielding a +0 spear.
You slash the ball python!
You kill the ball python!
A goblin comes into view. It is wielding a +0 club.
The goblin shouts!
You hear a shout!
The gnoll hits you with a +0 spear.
A gnoll comes into view. It is wielding a +0 halberd.
The goblin moves out of view.
You slash the gnoll!
The gnoll is heavily wounded.
The gnoll hits you with a +0 spear.
You completely miss the gnoll.
The gnoll is heavily wounded.
A gnoll comes into view. It is wielding a +0 spear.
The gnoll hits you but does no damage. The gnoll hits you with a +0 spear.
You barely miss the gnoll.
The gnoll is heavily wounded.
The gnoll shouts!
The gnoll barely misses you.
You hit the gnoll but do no damage.
The gnoll is heavily wounded.
The gnoll hits you with a +0 spear.
A frilled lizard comes into view.
A rat comes into view.
You closely miss the gnoll.
The gnoll is heavily wounded.
The frilled lizard hisses angrily.
The gnoll hits you with a +0 spear.
The gnoll hits you from afar with a +0 halberd.
You hit the gnoll.
You tail-slap the gnoll, but do no damage.
The gnoll is almost dead.
The gnoll completely misses you. The gnoll closely misses you.
You closely miss the gnoll.
The gnoll is almost dead.
The gnoll hits you with a +0 spear!
* * * LOW HITPOINT WARNING * * *
The gnoll hits you from afar with a +0 halberd!
You die...

..........#..................
............................
..........#..........†......
#.......##...##.####......
#..........#..#.# #.##.##
#.<.....#####.#.# #....##
#.....#..## #.#.## ### #
.........##..# #>....
........####@####..#.
#.......####g#.......
##..........gg...####
#######..###gg.## #. .r.....
#.. ....###..# ...... ..
........ # ..<......>


You could see 4 gnolls, a goblin and a rat.

Vanquished Creatures
  4 ball pythons
  An endoplasm (D:2)
  2 giant cockroaches
  A hobgoblin (D:1)
  4 jackals (D:1)
  A kobold (D:1)
  2 quokkas (D:1)
  2 bats (D:1)
  2 frilled lizards
  2 rats
21 creatures vanquished.

Notes
Turn   | Place    | Note
-------+----------+-------------------------------------------
     0 | D:1      | timneilson the Demonspawn Gladiator began the quest for the
                  | Orb.
     0 | D:1      | Reached XP level 1. HP: 16/16 MP: 1/1
   111 | D:1      | Gained mutation: You have a small tail. [demonic ancestry]
   111 | D:1      | Reached XP level 2. HP: 20/22 MP: 2/2
   230 | D:1      | Reached skill level 3 in Long Blades
   230 | D:1      | Reached skill level 1 in Armour
   551 | D:1      | Found a faded altar of an unknown god.
   966 | D:2      | Slain by a gnoll

Illustrated notes

Levels and vault maps discovered:
D:1:      shiori_arrival_oz, layout_loops_ring, basic_ecumenical_altar,
          dreamdust_wishing_well
D:2:      minmay_inner_zag, layout_rooms, uniq_terence

Skill      XL: |  1  2 |
---------------+-------+-----
Long Blades    | 3 |  3.0
Armour         | 1 |  1.0
Fighting       | |  2.3
Throwing       | |  1.7
Dodging        | |  2.8

Action                   || total
-------------------------++-------
Melee: Long sword        ||    63
       Tailslap          ||     2
  Use: Scroll            ||     5
Armor: Leather armour    ||    21
       Ring mail         ||     9
       Chain mail        ||     1
Dodge: Dodged            ||    50

Table legend: (Time is in decaauts)
 A = Elapsed time spent in this place.
 B = Non-inter-level travel time spent in this place.
 C = Inter-level travel time spent in this place.
 D = Time resting spent in this place.
 E = Time spent auto-exploring this place.
 F = Levels seen in this place.
 G = Mean time per level.
                   A        B        C        D        E       F      G
               +--------+--------+--------+--------+--------+-----+--------+
         Total |    982 |    963 |     19 |     33 |    731 |   2 |  491.0 |
       Dungeon |    982 |    963 |     19 |     33 |    731 |   2 |  491.0 |
               +--------+--------+--------+--------+--------+-----+--------+

Top non-repeatable levels by time:
     D:1: 870 daAuts
     D:2: 111 daAuts
